Map: 블랙핑크 - 래더

Players

Ryung - Winner!

  • Race: Terran Terran
  • League: Grandmaster
  • Spawn Location: 1:00

llllllllllll (Trap)

  • Race: Protoss Protoss
  • League: Master
  • Spawn Location: 7:00

VOD

Have the link to the VOD?

Description

Time

  • Played on: Dec. 22, 2017, 3:25 a.m.
  • Length: 11:57
Show
View Real Time Build Order
Export as new Build Order

Ryung Terran - Winner!

Build Orders: MMM Bio 

Get SALT Encoding   

  12  0:01  SCV  
  13  0:13  SCV  
  14  0:17  Supply Depot  
  14  0:25  SCV  
  15  0:38  SCV  
  15  0:40  Barracks  
  16  0:51  SCV  
  17  1:03  SCV  
  18  1:13  Command Center  
  18  1:16  SCV  
  19  1:27  Marine  
  19  1:30  Orbital Command  
  20  1:38  Supply Depot  
  20  1:45  Marine  
  21  1:53  Barracks  
  21  1:56  SCV  
  22  2:03  Marine  
  22  2:05  Barracks  
  23  2:08  SCV  
  24  2:20  SCV, Marine  
  26  2:25  Orbital Command  
  26  2:30  Refinery  
  26  2:32  SCV, Refinery  
  27  2:40  Marine x2  
  29  2:44  SCV  
  29  2:48  Bunker  
  30  2:51  SCV  
  30  2:57  SCV  
  30  2:58  Marine x2  
  32  3:01  Barracks Tech Lab  
  32  3:05  Engineering Bay  
  34  3:07  SCV  
  34  3:09  SCV  
  36  3:19  SCV  
  37  3:20  Marine x3  
  37  3:21  SCV  
  37  3:22  Stimpack  
  41  3:29  Supply Depot  
  41  3:31  SCV  
  41  3:33  SCV  
  43  3:39  Terran Infantry Weapons Level 1  
  43  3:43  SCV  
  43  3:44  Marine x2  
  46  3:50  Supply Depot  
  46  3:51  SCV, Marine  
  49  3:55  SCV  
  49  3:59  Factory  
  49  4:01  Refinery  
  49  4:03  SCV  
  49  4:07  SCV  
  49  4:09  Missile Turret  
  51  4:15  SCV, Barracks Tech Lab, Supply Depot, Barracks Reactor  
  51  4:16  Marine  
  53  4:19  SCV  
  54  4:24  Supply Depot  
  54  4:27  SCV  
  55  4:32  SCV  
  55  4:33  Refinery  
  55  4:34  Combat Shields  
  55  4:35  Marine  
  55  4:37  Marine  
  58  4:39  SCV  
  58  4:44  SCV, Starport  
  59  4:48  Factory Reactor  
  59  4:52  SCV, Marine  
  60  4:53  Marine  
  60  4:56  SCV  
  60  4:58  Marauder x2  
  67  5:04  SCV, Supply Depot  
  68  5:08  SCV  
  68  5:10  Marine x2  
  71  5:17  SCV  
  71  5:19  Marauder x2  
  71  5:20  SCV, Supply Depot  
  74  5:31  Marine x2  
  76  5:37  SCV x2  
  76  5:41  Marauder x2, Medivac  
  80  5:51  SCV x2  
  80  5:52  Medivac  
  74  6:01  Marine  
  74  6:02  Marauder x2  
  74  6:03  SCV x2, Factory Reactor  
  79  6:12  Medivac  
  79  6:15  SCV  
  79  6:18  Marine  
  83  6:19  Marine  
  83  6:22  Medivac  
  80  6:26  SCV  
  80  6:27  SCV  
  67  6:38  SCV  
  67  6:39  SCV  
  59  6:41  Marine, Marauder x2  
  59  6:44  Marine  
  59  6:45  Liberator  
  65  6:50  SCV  
  65  6:51  SCV  
  65  6:52  Liberator, Widow Mine x2  
  71  7:02  SCV  
  71  7:03  SCV  
  74  7:14  SCV  
  76  7:15  SCV  
  76  7:16  Widow Mine  
  76  7:20  Widow Mine  
  81  7:26  SCV, Terran Infantry Armor Level 1  
  81  7:27  SCV  
  81  7:28  Supply Depot  
  83  7:30  Marine  
  83  7:32  Marine  
  83  7:35  Marine  
  86  7:42  Supply Depot  
  86  7:43  Supply Depot  
  86  7:49  SCV x2, Marine x2  
  90  7:53  Liberator x2, Supply Depot  
  90  7:58  Marine  
  90  8:00  Marauder  
  90  8:01  SCV  
  90  8:02  SCV  
  90  8:07  Marauder  
  90  8:10  Widow Mine x2  
  102  8:13  SCV  
  102  8:14  SCV  
  104  8:21  Marine x2  
  106  8:31  Marauder  
  106  8:32  Marauder  
  106  8:33  SCV x2  
  96  8:39  Marine x2  
  86  8:46  Widow Mine x2  
  84  8:50  SCV x2  
  84  8:53  Marauder x2  
  90  8:57  Marine x2  
  78  9:12  Widow Mine x2  
  78  9:14  Marine, Marauder x2  
  78  9:15  Marine  
  88  9:20  Medivac x2  
  92  9:33  Command Center  
  92  9:35  Marine x2  
  92  9:37  Widow Mine  
  96  9:39  Liberator  
  96  9:41  Widow Mine  
  98  9:45  Marine x2  
  100  9:54  Liberator  
  100  9:55  Marine x2  
  105  10:03  SCV x2  
  107  10:11  Marine x2  
  107  10:13  Marine  
  113  10:15  SCV  
  113  10:19  SCV  
  115  10:23  Marine, Supply Depot  
  115  10:29  Marine  
  102  10:44  Marine x2  
  102  10:45  Marauder  
  102  10:47  Marauder  
  106  10:53  SCV x2  
  108  11:02  Marine x2  
  110  11:06  Marine  
  111  11:13  Marine  
  112  11:19  Marine  
  113  11:33  Marine, Marauder x2  
  113  11:37  Marine  
  113  11:38  SCV  
  120  11:41  Barracks x2  
Show
View Real Time Build Order
Export as new Build Order

llllllllllll Protoss 

Build Orders: 1 Gate Expand 

Get SALT Encoding   

  12  0:00  Probe  
  13  0:12  Probe  
  14  0:18  Pylon  
  14  0:25  Probe (Chrono Boost)  
  15  0:37  Probe (Chrono Boost), Gateway  
  16  0:45  Probe (Chrono Boost)  
  17  0:51  Probe, Assimilator  
  18  1:03  Probe  
  19  1:15  Probe  
  20  1:23  Nexus  
  20  1:33  Cybernetics Core  
  20  1:36  Probe  
  21  1:43  Assimilator  
  21  1:48  Probe  
  21  1:52  Pylon  
  21  2:00  Probe  
  22  2:10  Warp Gate, Stalker  
  22  2:13  Probe (Chrono Boost)  
  26  2:24  Probe (Chrono Boost)  
  26  2:29  Probe (Chrono Boost)  
  26  2:32  Robotics Facility  
  26  2:35  Probe (Chrono Boost)  
  28  2:39  Probe (Chrono Boost)  
  28  2:43  Sentry  
  31  2:47  Probe (Chrono Boost)  
  31  2:51  Probe (Chrono Boost)  
  33  2:54  Probe (Chrono Boost)  
  33  2:55  Probe (Chrono Boost)  
  35  3:01  Probe  
  35  3:05  Probe  
  37  3:09  Sentry  
  39  3:12  Pylon  
  39  3:16  Probe  
  39  3:17  Probe  
  39  3:18  Immortal (Chrono Boost)  
  41  3:26  Gateway  
  45  3:28  Probe  
  45  3:30  Probe  
  47  3:43  Pylon  
  47  3:46  Probe x2  
  47  3:47  Immortal (Chrono Boost)  
  53  3:58  Gateway  
  53  4:01  Gateway  
  53  4:05  Gateway  
  53  4:10  Gateway  
  53  4:16  Warp Prism (Chrono Boost)  
  55  4:21  Gateway  
  55  4:24  Sentry x2  
  55  4:28  Pylon  
  55  4:30  Assimilator  
  59  4:32  Probe  
  59  4:33  Probe  
  61  4:44  Observer (Chrono Boost), Pylon  
  62  4:47  Pylon  
  62  4:51  Probe  
  63  5:10  Zealot x6  
  63  5:13  Pylon  
  75  5:15  Sentry  
  75  5:16  Pylon  
  75  5:32  Stalker x2  
  75  5:33  Stalker x3  
  81  5:37  Stalker  
  73  5:53  Sentry  
  73  5:57  Zealot x4, Sentry  
  73  6:01  Sentry  
  85  6:17  Zealot x6  
  97  6:20  Sentry  
  53  6:41  Probe, Observer  
  53  6:42  Probe  
  55  6:47  Zealot, Sentry x2  
  55  6:48  Zealot x2  
  55  6:50  Immortal (Chrono Boost)  
  69  6:56  Zealot x2  
  73  7:19  Zealot x3, Sentry  
  73  7:20  Zealot x3, Immortal (Chrono Boost)  
  91  7:28  Shield Battery  
  91  7:30  Shield Battery  
  91  7:32  Pylon  
  91  7:33  Pylon  
  91  7:52  Stalker x5  
  91  7:54  Stalker  
  103  7:59  Stalker  
  105  8:16  Pylon  
  105  8:18  Pylon, Stalker x3  
  68  8:42  Stalker x4  
  60  9:05  Warp Prism (Chrono Boost)  
  60  9:09  Sentry x2  
  64  9:10  Zealot x4  
  72  9:24  Nexus  
  72  9:30  Twilight Council  
  72  9:32  Observer (Chrono Boost)  
  73  9:38  Stalker  
  73  9:42  Stalker  
  77  9:49  Assimilator  
  77  9:54  Zealot x4  
  77  9:59  Immortal (Chrono Boost)  
  85  10:00  Charge (Chrono Boost), Stalker  
  85  10:06  Pylon  
  91  10:30  Zealot x4  
  95  10:38  Stalker  
  82  11:02  Sentry x2  
  82  11:03  Sentry, Stalker  
  82  11:04  Stalker x2  
  93  11:09  Stalker  
  94  11:17  Observer (Chrono Boost)  
  91  11:33  Stalker x3  
Tags
 
Add a new tag
Caveats
  • Supply blocks, unpowered buildings, or Contaminate may cause inaccurate times.
  • Supply counts are checked every 10 seconds.